 Dungeon Crawl Stone Soup version 0.30-a0-1043-g60ff8d5f49 (webtiles) character file.

Game seed: 7889900407822302010

21822 Firecrotchwizard the Geomancer (level 12, 0/79 HPs)
             Began as a Gargoyle Earth Elementalist on Apr 9, 2023.
             Was a Follower of Vehumet.
             Slain by a death yak (15 damage)
             ... on level 3 of the Lair of Beasts.
             The game lasted 00:40:25 (14591 turns).

Firecrotchwizard the Geomancer (GrEE)              Turns: 14591, Time: 00:40:26

Health: 0/79       AC: 18    Str: 17    XL:     12   Next: 94%
Magic:  25/25      EV: 10    Int: 22    God:    Vehumet [*.....]
Gold:   1054       SH: 17    Dex: 16    Spells: 21/30 levels left

rFire   . . .      SeeInvis .    P - +1 demon whip (venom)
rCold   . . .      Faith    .    V - +2 kite shield
rNeg    + . .      Spirit   .    E - +1 troll leather armour {Pargi}
rPois   ∞          Reflect  +    (no helmet)
rElec   +          Rampage  .    (no cloak)
rCorr   .                        T - +2 pair of gloves
Will    .....                    (no boots)
Stlth   ++                       U - amulet of reflection
HPRegen 1.13/turn                h - +6 ring of strength
MPRegen 0.19/turn                W - +6 ring of dexterity

@: studying Necromancy
A: sickness immunity, AC +8, negative energy resistance 1, electricity
resistance, torment resistance 1, petrification resistance
a: Renounce Religion


You were on level 3 of the Lair of Beasts.
You worshipped Vehumet.
Vehumet was aware of your devotion.
You visited 3 branches of the dungeon, and saw 15 of its levels.
You also visited: Sewer, Ossuary and Ice Cave.

You collected 1054 gold pieces.

Inventory:

Hand Weapons
 j - a +0 dagger of freezing
 p - a +1 whip of venom
 s - a +0 dagger
 z - a +2 dagger of venom
 P - a +1 demon whip of venom (weapon)
Missiles
 Y - 3 throwing nets {@!f}
Armour
 a - a +0 robe
 m - a +0 ring mail
 E - a +1 troll leather armour (worn) {Pargi}
 T - a +2 pair of gloves (worn)
 V - a +2 kite shield (worn)
Magical Staves
 I - a staff of air
Jewellery
 h - a +6 ring of strength (left hand)
 l - a ring of fire
 q - a ring of flight
 Q - an amulet of faith
 U - an amulet of reflection (around neck)
 W - a +6 ring of dexterity (right hand)
Wands
 k - a wand of mindburst (28)
 L - a wand of digging (12)
 X - a wand of flame (15)
 Z - a wand of polymorph (3)
Scrolls
 c - 2 scrolls of butterflies
 f - 2 scrolls of fog
 g - 2 scrolls of blinking
 t - 9 scrolls of teleportation
 w - 3 scrolls of enchant weapon
 y - 6 scrolls of fear
 A - 2 scrolls of torment
 B - a scroll of acquirement
 D - 3 scrolls of noise
 H - 2 scrolls of poison
 J - a scroll of brand weapon
 K - 6 scrolls of vulnerability
 M - 2 scrolls of magic mapping
 N - a scroll of silence
 S - 4 scrolls of amnesia
Potions
 b - a potion of magic
 d - a potion of lignification {unknown}
 e - 4 potions of heal wounds
 n - 3 potions of mutation
 o - 3 potions of flight
 r - 3 potions of might
 u - 2 potions of berserk rage
 v - 9 potions of curing
 x - 4 potions of brilliance
 C - a potion of degeneration {unknown}
 G - a potion of cancellation
 O - 4 potions of resistance
 R - a potion of haste
Miscellaneous
 F - a tin of tremorstones (2/2)


   Skills:
 + Level 10.9 Fighting
 - Level 7.5 Armour
 - Level 1.5 Dodging
 - Level 2.1 Stealth
 + Level 5.2 Shields
 + Level 9.8 Spellcasting
 - Level 9.0 Conjurations
 - Level 5.0 Translocations
 - Level 0.7 Transmutations
 - Level 11.0 Earth Magic


You had 21 spell levels left.
You knew the following spells:

 Your Spells              Type           Power      Damage    Failure   Level
a - Sandblast             Erth           100%       2d20      1%          1
b - Stone Arrow           Conj/Erth      100%       3d13      1%          3
c - Blink                 Tloc           64%        N/A       4%          2
d - Passwall              Tmut/Erth      30%        N/A       2%          2
e - Magic Dart            Conj           100%       1d8       1%          1

Your spell library contained the following spells:

 Spells                   Type           Power      Damage    Failure   Level
 Momentum Strike          Conj/Tloc      82%        3d10      1%          2
 Lesser Beckoning         Tloc           64%        N/A       4%          2
 Dazzling Flash           Conj/Hex       60%        N/A       10%         3
 Sting                    Tmut/Pois      48%        1d5       19%         1
 Petrify                  Tmut/Erth      36%        N/A       19%         4
 Slow                     Hex            40%        N/A       21%         1
 Poisonous Vapours        Pois/Air       20%        N/A       30%         2
 Confusing Touch          Hex            10%        N/A       52%         3
 Vampiric Draining        Necr           10%        2d6       52%         3
 Anguish                  Hex/Necr       5%         N/A       90%         4
 Cause Fear               Hex            5%         N/A       90%         4
 Olgreb's Toxic Radiance  Pois           10%        N/A       90%         4
 Agony                    Necr           10%        N/A       99%         5
 Silence                  Hex/Air        5%         N/A       99%         5
 Dragon Form              Tmut           7%         N/A       100%        7
 Enfeeble                 Hex            5%         N/A       100%        7
 Dragon's Call            Summ           5%         N/A       100%        9


Dungeon Overview and Level Annotations

Branches:
Dungeon (11/15)            Temple (1/1) D:4            Lair (3/5) D:11
 Shoals (0/4) Lair:2        Snake (0/4) Lair:2          Orc (0/2) D:10
  Sewer (visited)         Ossuary (visited)           IceCv (visited)

Altars:
Ashenzari
Cheibriados
Dithmenos
Elyvilon
Fedhas
Gozag
Hepliaklqana
Kikubaaqudgha
Makhleb
Nemelex Xobeh
Okawaru
Qazlal
Ru
Sif Muna
Trog
Uskayaw
Vehumet
Wu Jian
Xom
Yredelemnul
Zin
The Shining One

Annotations:
D:3 1 runed translucent door, Crazy Yiuf
D:4 1 runed translucent door, pigah's ghost, novice OpWn


Innate Abilities, Weirdness & Mutations

You are immune to sickness and miasma.
Your stone body is resilient. (AC +8)
You are immune to poison.
You resist negative energy. (rN+)
You are resistant to electric shocks. (rElec)
You are resistant to unholy torment.
You are immune to petrification.


Message History

No target in view!
No target in view!
No target in view!
No target in view!
No target in view!
HP restored.
Found a stone staircase leading down.
No target in view!
You see here a +0 chain mail.
H - 2 scrolls labelled DAATIE WIFE (gained 1)
Found an escape hatch in the ceiling.
As you read the scroll of identify, it crumbles to dust.
n - 3 potions of mutation
As you read the scroll of identify, it crumbles to dust.
u - 2 potions of berserk rage
As you read the scroll of identify, it crumbles to dust.
A - 2 scrolls of torment
As you read the scroll of identify, it crumbles to dust.
H - 2 scrolls of poison
As you read the scroll of identify, it crumbles to dust.
M - 2 scrolls of magic mapping
There is an escape hatch in the ceiling here.
A wolf comes into view.
The wolf howls!
As you read the scroll of identify, it crumbles to dust.
B - a scroll of acquirement
As you read the scroll of identify, it crumbles to dust.
You have identified the last scroll.
N - a scroll of silence;
J - a scroll of brand weapon A wolf comes into view.
A death yak comes into view.
As you read the scroll of identify, it crumbles to dust.
G - a potion of cancellation The wolf howls!
You hear a bellow!
The wolf closely misses you.
You miss the wolf. The wolf closely misses you. The wolf barely misses you.
You hit the wolf.
The wolf is poisoned.
The wolf is moderately wounded.
You block the wolf's attack. x2; The wolf bites you.
You whack the wolf!
The wolf looks as sick as possible!
The wolf is severely wounded.
You block the wolf's attack. x3
You closely miss the wolf.
The wolf is severely wounded.
You kill the wolf!
Vehumet accepts your kill. The wolf bites you but does no damage.
You block the wolf's attack.
A death yak comes into view.
You whack the wolf!
The wolf is moderately wounded.
You block the wolf's attack. x3
You barely miss the wolf.
The wolf is moderately wounded.
The death yak bellows!
You hear a bellow!
You hear a howl!
You block the wolf's attack.
A death yak comes into view.
The wolf bites you but does no damage.
The death yak bellows!
You hit the wolf.
The wolf is poisoned.
The wolf is moderately wounded.
You block the wolf's attack.
A wolf comes into view.
You block the wolf's attack.
You whack the wolf!
You kill the wolf!
Vehumet accepts your kill.
A wolf comes into view.
A death yak comes into view.
A death yak and a cane toad come into view.
The death yak closely misses you.
You see here a wolf corpse.
The death yak bellows!
You hit the death yak but do no damage.
The death yak is poisoned.
You block the death yak's attack.
You hit the death yak but do no damage.
The death yak looks even sicker.
The death yak is lightly wounded.
You block the death yak's attack.
The death yak gores you but does no damage.
You whack the death yak!
The death yak looks as sick as possible!
The death yak is lightly wounded.
You block the wolf's attack. The death yak gores you. The death yak gores you!
The wolf bites you but does no damage.
You barely miss the death yak.
The death yak is lightly wounded.
You block the death yak's attack. The wolf bites you but does no damage.
The death yak gores you!
You hit the death yak.
The death yak is lightly wounded.
The death yak misses you. The death yak barely misses you.
You block the death yak's attack. You block the cane toad's attack.
You barely miss the death yak.
The death yak is lightly wounded.
The cane toad stings you! You block the death yak's attack. x2
You hit the death yak.
The death yak is poisoned.
The death yak is lightly wounded.
The cane toad stings you!
* * * LOW HITPOINT WARNING * * *
You block the death yak's attack. The death yak gores you!
* * * LOW HITPOINT WARNING * * *
The death yak gores you!
You die...

....#........P
....#........ .
............ .
. ....#......
.#..
.......P##....
.hYh.......
#YYY......
#@Y.# #.F##
#...# ## ##...#
.##.#####...###
............#.#
.............#
.........<..##
.............#
##


You could see 5 death yaks, a cane toad and 2 wolves.

Vanquished Creatures
  Harold (Lair:2)
  A centaur warrior (D:11)
  A boulder beetle (Lair:3)
  A death knight (D:11)
  4 two-headed ogres
  Amaemon (D:8)
  2 manticores
  A cyclops (D:11)
  A black mamba (Lair:2)
  An orange demon (D:8)
  A cane toad (Lair:1)
  7 komodo dragons
  A kobold demonologist (D:11)
  4 trolls
  Prince Ribbit (D:7)
  A wind drake (Lair:2)
  Grinder (D:3)
  4 blink frogs (Lair:2)
  2 shadows (D:10)
  3 wyverns
  18 yaks
  A basilisk (Lair:3)
  2 vampire mosquitoes (D:10)
  3 nagas
  6 water moccasins
  An ice beast (D:6)
  3 sky beasts
  3 black bears
  Pargi (Sewer)
  9 orc warriors
  An ogre (D:5)
  7 wolves (Lair:3)
  4 centaurs
  2 phantoms
  4 elf zombies (Ossuary)
  2 kobold brigands (D:7)
  7 bullfrogs
  3 gnoll sergeants
  A scorpion (D:5)
  3 wights (D:10)
  5 howler monkeys
  3 centaur zombies (Ossuary)
  7 hounds
  5 human zombies (Ossuary)
  A gnoll bouda (D:6)
  4 orc priests
  A jelly (D:5)
  4 sleepcaps
  2 iguanas
  9 orc wizards
  Terence (D:2)
  A troll simulacrum (D:11)
  3 mummies (Ossuary)
  23 gnolls
  13 adders
  3 naga simulacra (D:11)
  A white imp (D:5)
  3 worms
  2 dart slugs
  43 orcs
  6 bats
  4 endoplasms
  8 giant cockroaches
  5 goblins
  5 hobgoblins
  10 jackals
  5 quokkas
  6 ball pythons
  3 frilled lizards
  15 kobolds
  4 rats
325 creatures vanquished.

Vanquished Creatures (others)
  3 fungi
  5 plants (Lair:3)
8 creatures vanquished.

Grand Total: 333 creatures vanquished

Notes
Turn   | Place    | Note
-------+----------+-------------------------------------------
     0 | D:1      | Firecrotchwizard the Gargoyle Earth Elementalist began the
                  | quest for the Orb.
     0 | D:1      | Reached XP level 1. HP: 10/10 MP: 3/3
   143 | D:1      | Reached XP level 2. HP: 10/16 MP: 5/5
   341 | D:1      | Reached skill level 1 in Fighting
   494 | D:1      | Reached skill level 4 in Earth Magic
   618 | D:1      | Reached XP level 3. HP: 10/20 MP: 1/6
  1269 | D:2      | Noticed Terence
  1279 | D:2      | Reached XP level 4. HP: 17/26 MP: 4/8
  1288 | D:2      | Killed Terence
  1814 | D:2      | Reached XP level 5. HP: 24/31 MP: 9/9
  2064 | D:3      | Learned a level 3 spell: Stone Arrow
  2172 | D:3      | Reached skill level 5 in Earth Magic
  2402 | D:3      | Found a runed translucent door.
  2403 | D:3      | Noticed Crazy Yiuf
  2431 | D:3      | Noticed Grinder
  2446 | D:3      | Killed Grinder
  2447 | D:3      | Reached XP level 6. HP: 33/37 MP: 5/11
  2826 | D:4      | Found a runed translucent door.
  2841 | D:3      | Reached XP level 7. HP: 33/42 MP: 7/13
  2897 | D:4      | Noticed pigah's ghost (novice OpWn)
  3060 | D:4      | Found a staircase to the Ecumenical Temple.
  3192 | Temple   | Entered the Ecumenical Temple
  3322 | D:4      | Reached skill level 6 in Earth Magic
  3685 | D:5      | Entered Level 5 of the Dungeon
  3926 | D:5      | Found a glowing drain.
  3977 | Sewer    | Entered a sewer
  4011 | Sewer    | Noticed Pargi
  4021 | Sewer    | Killed Pargi
  4022 | Sewer    | Reached XP level 8. HP: 37/48 MP: 9/14
  4325 | D:5      | Reached skill level 5 in Fighting
  4426 | D:5      | Reached skill level 7 in Earth Magic
  4472 | D:5      | Reached skill level 5 in Spellcasting
  4953 | D:6      | Learned a level 2 spell: Blink
  5131 | D:6      | Reached skill level 5 in Conjurations
  5139 | D:6      | Reached skill level 1 in Translocations
  5246 | D:6      | Reached XP level 9. HP: 54/54 MP: 14/17
  5603 | D:6      | Reached skill level 8 in Earth Magic
  5865 | D:7      | Noticed a two-headed ogre
  5875 | D:7      | Killed a two-headed ogre
  6169 | D:7      | Noticed Prince Ribbit
  6175 | D:7      | Killed Prince Ribbit
  6176 | D:7      | Reached skill level 9 in Earth Magic
  6565 | D:8      | Reached XP level 10. HP: 33/60 MP: 13/20
  6682 | D:8      | Found a sand-covered staircase.
  6688 | Ossuary  | Entered an ossuary
  7223 | D:7      | Reached skill level 10 in Earth Magic
  7282 | D:7      | Learned a level 2 spell: Passwall
  7493 | D:8      | Noticed Amaemon
  7614 | D:8      | Noticed an orange demon
  7638 | D:8      | Killed Amaemon
  7644 | D:8      | Killed an orange demon
  7914 | D:8      | Reached skill level 11 in Earth Magic
  8071 | D:8      | Found an opulent altar of Gozag.
  8291 | D:9      | Reached XP level 11. HP: 64/64 MP: 20/23
  8300 | D:9      | Reached skill level 1 in Armour
  8347 | D:9      | Noticed a two-headed ogre
  8356 | D:9      | Killed a two-headed ogre
  8431 | D:9      | Found a hide-covered altar of Uskayaw.
  8477 | D:9      | Found a shimmering altar of Xom.
  8478 | D:9      | Found a shimmering altar of Xom.
  8480 | D:9      | Found a shimmering altar of Xom.
  8480 | D:9      | Found a shimmering altar of Xom.
  8480 | D:9      | Found a shimmering altar of Xom.
  8822 | D:9      | Found a shimmering altar of Xom.
  8822 | D:9      | Noticed a jorogumo
  8826 | D:9      | Noticed a death drake
  8838 | D:9      | a death drake changed into a glowing orange brain
  8838 | D:9      | Noticed a glowing orange brain (shapeshifter)
  9270 | D:10     | Entered Level 10 of the Dungeon
  9285 | D:10     | Found a blossoming altar of Fedhas.
 10048 | D:10     | Reached skill level 5 in Translocations
 10069 | D:10     | Found a staircase to the Orcish Mines.
 10257 | D:10     | Found a radiant altar of Vehumet.
 10258 | D:10     | Found an ancient bone altar of Kikubaaqudgha.
 10262 | D:10     | Became a worshipper of Vehumet
 10452 | D:10     | Reached skill level 5 in Armour
 10744 | D:11     | Noticed a two-headed ogre
 10753 | D:11     | Killed a two-headed ogre
 10757 | D:11     | Noticed a manticore
 10939 | D:11     | Noticed a two-headed ogre
 10942 | D:11     | Killed a two-headed ogre
 11042 | D:11     | Noticed a cyclops
 11052 | D:11     | Killed a cyclops
 11133 | D:11     | Killed a manticore
 11134 | D:11     | Reached XP level 12. HP: 42/76 MP: 11/24
 11203 | D:11     | Found a frozen archway.
 11368 | IceCv    | Entered an ice cave
 11501 | D:11     | Found a staircase to the Lair.
 11519 | D:11     | Noticed a death knight
 11544 | D:11     | HP: 3/76 [death knight/+3 broad axe (23)]
 11563 | D:11     | Killed a death knight
 11752 | D:11     | Noticed a centaur warrior
 11768 | D:11     | Killed a centaur warrior
 12052 | Lair:1   | Entered Level 1 of the Lair of Beasts
 12261 | Lair:1   | Reached skill level 1 in Shields
 13284 | Lair:2   | Reached skill level 10 in Fighting
 13295 | Lair:2   | Found a staircase to the Shoals.
 13622 | Lair:2   | Reached * piety under Vehumet
 13622 | Lair:2   | Offered knowledge of Magic Dart by Vehumet.
 13625 | Lair:2   | Learned a level 1 spell: Magic Dart
 13874 | Lair:2   | Found a staircase to the Snake Pit.
 14166 | Lair:2   | Noticed Harold
 14175 | Lair:2   | Killed Harold
 14336 | Lair:3   | Noticed a boulder beetle
 14350 | Lair:3   | Killed a boulder beetle
 14362 | Lair:3   | Reached skill level 5 in Shields
 14573 | Lair:3   | Identified a scroll of acquirement
 14574 | Lair:3   | Noticed a death yak
 14579 | Lair:3   | Noticed a death yak
 14581 | Lair:3   | Noticed a death yak
 14583 | Lair:3   | Noticed a death yak
 14584 | Lair:3   | Noticed a death yak
 14591 | Lair:3   | Slain by a death yak

Illustrated notes

Levels and vault maps discovered:
D:1:      saegor_arrival_simple_e, layout_rooms
D:2:      layout_loops_ring, dk_vineyard_3, minmay_diced_spiral, uniq_terence
D:3:      layout_basic, minmay_starry_boxes, uniq_crazy_yiuf_cottage,
          uniq_grinder
D:4:      layout_cave_pools, minmay_temple_entry_steel_oval,
          ebering_ghost_inner_flame
D:5:      layout_gridville, cheibrodos_sewer_entry_bend
D:6:      layout_basic
D:7:      layout_basic, uniq_prince_ribbit1
D:8:      layout_rooms, grunt_gozag_breadcrumbs, enter_ossuary_2, uniq_amaemon
D:9:      layout_irregular_city, xom_shifter_show, mainiacjoe_overflow_24_doors
D:10:     minmay_goldmine, layout_stronghold, lemuel_crystal_altar,
          gammafunk_temple_overflow_statue, orc_0_dummy
D:11:     layout_basic, lair_entry_dummy, portal_ice_cave_entry_ice_simulacra,
          kb_rosetta
Temple:   nicolae_temple_x_marks_the_god
Lair:1:   layout_loops_ring, grunt_megastairs_3
Lair:2:   layout_roguey, minmay_shoals_entry_beasts,
          minmay_snake_entry_guardpost_small, lemuel_fruit_fields, uniq_harold
Lair:3:   layout_chaotic_city, lemuel_fruit_fields, infiniplex_staircase_pool

Skill      XL: |  1  2  3  4  5  6  7  8  9 10 11 12 |
---------------+-------------------------------------+-----
Fighting       | 1 2 3 4 5 9 10 | 10.9
Earth Magic    | 4 5 6 7 9 11 | 11.0
Spellcasting   | 3 4 5 6 8 9 |  9.8
Conjurations   | 2 3 5 7 9 |  9.0
Translocations | 1 3 5 |  5.0
Armour         | 7 |  7.5
Shields        | 5 |  5.2
Dodging        | |  1.5
Stealth        | |  2.1
Transmutations | |  0.7

Action                     |  1- 3 |  4- 6 |  7- 9 | 10-12 || total
---------------------------+-------+-------+-------+-------++-------
  Melee: Dagger            |   132 |    63 |   351 |   414 ||   960
         Punch             |     3 |       |     4 |     6 ||    13
         Whip              |       |    77 |     4 |       ||    81
         Demon whip        |       |       |       |   376 ||   376
   Cast: Sandblast         |    29 |    16 |    73 |   121 ||   239
         Stone Arrow       |       |       |     5 |   112 ||   117
         Blink             |       |       |       |     1 ||     1
         Magic Dart        |       |       |       |    12 ||    12
    Use: Scroll            |       |       |    14 |    13 ||    27
         Potion            |       |       |     1 |     4 ||     5
   Stab: Sleeping          |     4 |     2 |     2 |     3 ||    11
 Armour: Robe              |    48 |    33 |       |       ||    81
         Ring mail         |       |    40 |    68 |       ||   108
         Troll leather arm |       |       |   223 |   445 ||   668
  Dodge: Dodged            |    96 |   104 |   308 |   481 ||   989
  Block: Kite shield       |       |       |       |   156 ||   156

Table legend: (Time is in decaauts)
 A = Elapsed time spent in this place.
 B = Non-inter-level travel time spent in this place.
 C = Inter-level travel time spent in this place.
 D = Time resting spent in this place.
 E = Time spent auto-exploring this place.
 F = Levels seen in this place.
 G = Mean time per level.
                   A        B        C        D        E       F      G
               +--------+--------+--------+--------+--------+-----+--------+
         Total |  14808 |  14075 |    733 |   3192 |   7574 |  18 |  822.7 |
       Dungeon |  11474 |  10791 |    683 |   2468 |   5921 |  11 | 1043.1 |
        Temple |     58 |     50 |      8 |      0 |     46 |   1 |   58.0 |
          Lair |   2593 |   2552 |     41 |    724 |   1412 |   3 |  864.3 |
         Sewer |    166 |    166 |      0 |      0 |    112 |   1 |  166.0 |
       Ossuary |    508 |    508 |      0 |      0 |     82 |   1 |  508.0 |
      Ice Cave |      5 |      5 |      0 |      0 |      0 |   1 |    5.0 |
               +--------+--------+--------+--------+--------+-----+--------+

Top non-repeatable levels by time:
    D:10: 1622 daAuts
  Lair:1: 1285 daAuts
     D:7: 1252 daAuts
     D:9: 1220 daAuts
     D:2: 1055 daAuts
     D:5: 1044 daAuts
  Lair:2: 1027 daAuts
    D:11: 1001 daAuts
     D:3: 932 daAuts
     D:1: 917 daAuts
     D:6: 881 daAuts
     D:8: 785 daAuts
     D:4: 761 daAuts
 Ossuary: 508 daAuts
  Lair:3: 280 daAuts
